 Dungeon Crawl Stone Soup version 0.18.1-48-g4cf74bf (webtiles) character file.

119 simon the Sneak (level 5, -1/35 HPs)
             Began as an Octopode Assassin on Aug 6, 2016.
             Slain by an orc
             ... wielding a +0 falchion of electrocution
              (10 damage)
             ... on level 3 of the Dungeon.
             The game lasted 00:28:40 (2739 turns).

simon the Sneak (Octopode Assassin)                 Turns: 2739, Time: 00:28:41

Health: -1/35      AC:  1    Str: 12    XL:     5   Next: 3%
Magic:  14/14      EV: 11    Int: 13    God:
Gold:   53         SH:  0    Dex: 13    Spells: 0 memorised, 4 levels left

rFire  . . .     SeeInvis .     A - +1 short sword (drain)
rCold  . . .     Gourm    .     (no shield)
rNeg   . . .     Faith    .     (helmet restricted)
rPois  .         Spirit   .     (no amulet)
rElec  .         Dismiss  .     n - ring of magical power
rCorr  .         Reflect  .     B - ring of teleportation (curse)
SustAt .         Harm     .     (no ring)
MR     .....     Rnd*Tele +     (no ring)
Stlth  +++++.....               (no ring)
                                (no ring)
                                (no ring)
                                (no ring)

@: not resistant to hostile enchantments, quite stealthy
A: almost no armour, amphibious, 8 rings, constrict 8, camouflage 1, gelatinous
body 1
a: no special abilities


You were on level 3 of the Dungeon.
You were not hungry.

You visited 1 branch of the dungeon, and saw 3 of its levels.

You collected 53 gold pieces.

Inventory:

Hand Weapons
 a - a +2 dagger
 b - a +0 blowgun
 h - a cursed -3 spear
 k - a +0 dagger
 x - a +0 short sword
 y - a +0 hunting sling
 A - a +1 short sword of draining (weapon)
 C - a +1 dagger of venom
Missiles
 c - 8 poisoned needles
 d - 2 curare-tipped needles
 i - 88 stones (quivered)
 j - 29 arrows
 l - 41 bolts
Armour
 D - a +0 ring mail
Jewellery
 n - a ring of magical power (left tentacle)
 B - a cursed ring of teleportation (right tentacle)
Scrolls
 e - 2 scrolls of enchant weapon {unknown}
 o - a scroll of remove curse {unknown}
 q - a scroll of blinking {unknown}
 r - 3 scrolls of identify {unknown}
 v - a scroll of random uselessness {unknown}
 w - a scroll of teleportation {unknown}
Potions
 g - 2 potions of mutation {unknown}
 m - 2 potions of lignification {unknown}
 p - a potion of heal wounds {unknown}
 s - a potion of ambrosia {unknown}
 z - a potion of curing {unknown}
Comestibles
 f - 2 bread rations
 t - 3 fruits
 u - a meat ration
 E - 4 chunks of flesh


   Skills:
 + Level 2.5 Fighting
 + Level 2.4 Short Blades
 - Level 2.2 Throwing
 - Level 1.0 Dodging
 + Level 7.7 Stealth


You had 4 spell levels left.
You didn't know any spells.

Dungeon Overview and Level Annotations

Branches:
Dungeon (3/15)

Altars:
Yredelemnul


Innate Abilities, Weirdness & Mutations

You cannot wear most types of armour.
You are amphibious.
You can wear up to eight rings at the same time.
You can use your tentacles to constrict eight enemies at once.
Your skin changes colour to match your surroundings (Stealth).
Your rubbery body absorbs attacks (AC +1).


Message History

A rat is nearby!
A rat is nearby!
An orc comes into view. It is wielding a club.
The orc shouts!
An orc comes into view. It is wielding a club.
An orc comes into view. It is wielding a dagger.
The orc shouts!
A bat comes into view.
Found a scroll labeled WEPPEP WIPN.
You hit the orc but do no damage. Your grab misses the orc.
You squeeze the orc.
The orc is moderately wounded.
The orc hits you with a falchion of electrocution.
You are electrocuted!
* * * LOW HITPOINT WARNING * * *
You hit the orc but do no damage. You drain the orc! You grab the orc.
The orc is heavily wounded.
You constrict the orc.
The orc hits you with a falchion of electrocution!
You die...

##........
......oo..
#....... .......
......# .....
..!...######..#
..!!..........####
......# #....o@#
..r...#
###..##....r...
...(..##
#....####......
#...)..# #.##..#
...b..
#.....w###)###.#
..... ##..#....#†#
.# ..... #.
#......# .. ?... #
###....>...#. ....
#....#.r.#.#


You could see an orc, a bat (sleeping) and a rat.

Vanquished Creatures
  3 adders
  An ooze (D:2)
  2 worms
  3 dart slugs (D:1)
  A giant gecko (D:2)
  2 orcs (D:3)
  A giant cockroach (D:2)
  11 goblins
  13 hobgoblins
  7 jackals (D:1)
  5 kobolds
  8 bats
  4 giant newts
  5 rats
  A spectral orc (D:3)
67 creatures vanquished.

Notes
Turn   | Place    | Note
--------------------------------------------------------------
     0 | D:1      | simon the Octopode Assassin began the quest for the Orb.
     0 | D:1      | Reached XP level 1. HP: 14/14 MP: 1/1
   276 | D:1      | Reached XP level 2. HP: 19/19 MP: 2/2
   403 | D:1      | Reached skill level 6 in Stealth
   544 | D:1      | Reached XP level 3. HP: 23/24 MP: 3/3
  1259 | D:2      | Reached XP level 4. HP: 7/30 MP: 4/4
  1462 | D:2      | Reached skill level 7 in Stealth
  2539 | D:3      | Found a basalt altar of Yredelemnul.
  2618 | D:3      | Reached XP level 5. HP: 19/35 MP: 5/5
  2739 | D:3      | Slain by an orc

Skill      XL: |  1  2  3  4 |
---------------+-------------+-----
Stealth        | 6 7 |  7.7
Fighting       | |  2.5
Short Blades   | |  2.4
Throwing       | |  2.2
Dodging        | |  1.0

Action                   |  1- 3 |  4- 6 || total
-------------------------+-------+-------++-------
Melee: Dagger            |    73 |    31 ||   104
       Constrict         |    18 |    19 ||    37
       Tentacles         |    10 |     7 ||    17
       Short sword       |       |    27 ||    27
Throw: Stone             |    13 |    19 ||    32
 Stab: Sleeping          |    10 |     4 ||    14
       Distracted        |     1 |       ||     1
  Eat: Chunk             |     1 |       ||     1
       Meat ration       |       |     1 ||     1
Armor: Skin              |     4 |     9 ||    13
Dodge: Dodged            |    24 |    25 ||    49
